| TOP OF THE 1ST |
|
Vancouver Canadians batting - Pitching for Los Angeles (NYP) Angels : LHP Jon Lawson
|
|
Pitching: LHP Jon Lawson
|
|
|
Batting: RHB Kennet Strijbis
|
0-0: Foul Ball, location: 2F 0-1: Foul Ball, location: 2F 0-2: Ball 1-2: Strikes out swinging
|
|
Batting: RHB Carlos Renteria
|
0-0: Called Strike 0-1: Ground out 6-3 (Groundball, 56, EV 97.5 MPH)
|
|
Batting: RHB Paul Healy
|
0-0: Called Strike 0-1: Ball 1-1: Swinging Strike 1-2: Foul Ball, location: 2F 1-2: Ball 2-2: Ball 3-2: Strikes out looking
|
| Top of the 1st over - 0 runs, 0 hits, 0 errors, 0 left on base; Vancouver 0 - Los Angeles (NYP) 0 |
| BOTTOM OF THE 1ST |
|
Los Angeles (NYP) Angels batting - Pitching for Vancouver Canadians : RHP Cody Walsh
|
|
Pitching: RHP Cody Walsh
|
|
|
Batting: RHB Nick Lombardo
|
0-0: Ball 1-0: Swinging Strike 1-1: Swinging Strike 1-2: Strikes out swinging
|
|
Batting: RHB Ricky Mejicanos
|
0-0: Ball 1-0: Called Strike 1-1: Ground out 6-3 (Groundball, 6, EV 82.5 MPH)
|
|
Batting: LHB Dave Hicks
|
0-0: Swinging Strike 0-1: Ball 1-1: Ball 2-1: Ball 3-1: Ground out 4-3 (Groundball, 4, EV 81.9 MPH)
|
| Bottom of the 1st over - 0 runs, 0 hits, 0 errors, 0 left on base; Vancouver 0 - Los Angeles (NYP) 0 |
| TOP OF THE 2ND |
|
Vancouver Canadians batting - Pitching for Los Angeles (NYP) Angels : LHP Jon Lawson
|
|
Batting: RHB Nikita Schram
|
0-0: Called Strike 0-1: Ball 1-1: Ball 2-1: Ball 3-1: SINGLE (Flyball, 5D, EV 92.5 MPH)
|
|
Batting: RHB Elliot Manfredini
|
0-0: Fly out, F7 (Line Drive, 7, EV 95.0 MPH)
|
|
Batting: RHB Norm Mercer
|
0-0: Ball 1-0: Foul Ball, location: 2F 1-1: SINGLE (Groundball, 4D, EV 94.4 MPH) Nikita Schram to second Runner from 2nd tries for 3rd, OUT! 8-5 Norm Mercer to second
|
|
Batting: SHB Scott Robbins
|
0-0: Called Strike 0-1: Ball Wild Pitch! Norm Mercer to third 1-1: Swinging Strike 1-2: Ball 2-2: Strikes out swinging
|
| Top of the 2nd over - 0 runs, 2 hits, 0 errors, 1 left on base; Vancouver 0 - Los Angeles (NYP) 0 |
| BOTTOM OF THE 2ND |
|
Los Angeles (NYP) Angels batting - Pitching for Vancouver Canadians : RHP Cody Walsh
|
|
Batting: LHB Mutsuo IIda
|
0-0: Ball 1-0: Called Strike 1-1: Foul Ball, location: 2F 1-2: Strikes out swinging
|
|
Batting: RHB Dean LeCroy
|
0-0: Ball 1-0: Ground out 6-3 (Groundball, 6, EV 108.8 MPH)
|
|
Batting: RHB Khalil Thurston
|
0-0: Ball 1-0: Fly out, F8 (Flyball, 8LM, EV 88.1 MPH)
|
| Bottom of the 2nd over - 0 runs, 0 hits, 0 errors, 0 left on base; Vancouver 0 - Los Angeles (NYP) 0 |
| TOP OF THE 3RD |
|
Vancouver Canadians batting - Pitching for Los Angeles (NYP) Angels : LHP Jon Lawson
|
|
Batting: RHB Ricky Carbajal
|
0-0: Ball 1-0: Called Strike 1-1: SOLO HOME RUN (Flyball, 78XD, EV 114.4 MPH), Distance : 445 ft
|
|
Batting: RHB Luis Vargas
|
0-0: Bunt missed! 0-1: Foul Ball, location: 2F 0-2: Strikes out swinging
|
|
Batting: RHB Kennet Strijbis
|
0-0: Called Strike 0-1: Ground out U3 (Groundball, 34S, EV 86.2 MPH)
|
|
Batting: RHB Carlos Renteria
|
0-0: Called Strike 0-1: Ball 1-1: Ball 2-1: Ball 3-1: Base on Balls
|
|
Batting: RHB Paul Healy
|
0-0: Ball 1-0: Called Strike 1-1: Ball Carlos Renteria is caught stealing 2nd base 2-4
|
| Top of the 3rd over - 1 run, 1 hit, 0 errors, 0 left on base; Vancouver 1 - Los Angeles (NYP) 0 |
| BOTTOM OF THE 3RD |
|
Los Angeles (NYP) Angels batting - Pitching for Vancouver Canadians : RHP Cody Walsh
|
|
Batting: SHB Tim Connell
|
0-0: Called Strike 0-1: Ground out U3 (Groundball, 34, EV 76.9 MPH)
|
|
Batting: RHB Wilford Harper
|
0-0: Called Strike 0-1: SINGLE (Groundball, 6MD, EV 103.1 MPH)
|
|
Batting: SHB Yuya Hirata
|
0-0: Fielders Choice at 2nd, 3-6 (Groundball, 34S, EV 88.1 MPH)
|
|
Batting: RHB Nick Lombardo
|
0-0: Called Strike 0-1: Foul Ball, location: 2F 0-2: SINGLE (Flyball, 8RS, EV 91.2 MPH) Yuya Hirata to second Runner from 2nd tries for 3rd, SAFE, throw by CF made to third
|
|
Batting: RHB Ricky Mejicanos
|
0-0: Ball 1-0: Swinging Strike 1-1: Ball 2-1: Fly out, F8 (Flyball, 78D, EV 77.5 MPH)
|
| Bottom of the 3rd over - 0 runs, 2 hits, 0 errors, 2 left on base; Vancouver 1 - Los Angeles (NYP) 0 |
| TOP OF THE 4TH |
|
Vancouver Canadians batting - Pitching for Los Angeles (NYP) Angels : LHP Jon Lawson
|
|
Batting: RHB Paul Healy
|
0-0: Ball 1-0: Called Strike 1-1: Ball 2-1: SINGLE (Groundball, 6MD, EV 105.6 MPH)
|
|
Batting: RHB Nikita Schram
|
0-0: Reached on error, E4 (Groundball, 34, EV 85.6 MPH) Paul Healy to second
|
|
Batting: RHB Elliot Manfredini
|
0-0: Ball Wild Pitch! Paul Healy to third Nikita Schram to second 1-0: Ground out 5-3 (Groundball, 5, EV 85.0 MPH)
|
|
Batting: RHB Norm Mercer
|
0-0: Called Strike 0-1: Ball 1-1: Called Strike 1-2: Ball 2-2: Hit by Pitch
|
|
Batting: SHB Scott Robbins
|
0-0: Ball 1-0: Ball 2-0: Grounds into double play, 5-4-3 (Groundball, 56, EV 77.5 MPH)
|
| Top of the 4th over - 0 runs, 1 hit, 1 error, 2 left on base; Vancouver 1 - Los Angeles (NYP) 0 |
| BOTTOM OF THE 4TH |
|
Los Angeles (NYP) Angels batting - Pitching for Vancouver Canadians : RHP Cody Walsh
|
|
Batting: LHB Dave Hicks
|
0-0: Ball 1-0: Called Strike 1-1: Called Strike 1-2: Ball 2-2: Foul Ball, location: 2F 2-2: Strikes out looking
|
|
Batting: LHB Mutsuo IIda
|
0-0: Swinging Strike 0-1: Fly out, F8 (Line Drive, 8LD, EV 97.5 MPH)
|
|
Batting: RHB Dean LeCroy
|
0-0: Called Strike 0-1: Foul Ball, location: 2F 0-2: Ball 1-2: Fly out, F9 (Flyball, 89M, EV 76.2 MPH)
|
| Bottom of the 4th over - 0 runs, 0 hits, 0 errors, 0 left on base; Vancouver 1 - Los Angeles (NYP) 0 |
| TOP OF THE 5TH |
|
Vancouver Canadians batting - Pitching for Los Angeles (NYP) Angels : LHP Jon Lawson
|
|
Batting: RHB Ricky Carbajal
|
0-0: Ball 1-0: Ball 2-0: Called Strike 2-1: Foul Ball, location: 2F 2-2: Ball 3-2: Strikes out swinging
|
|
Batting: RHB Luis Vargas
|
0-0: Fly out, F9 (Flyball, 9D, EV 89.4 MPH)
|
|
Batting: RHB Kennet Strijbis
|
0-0: Ball 1-0: Foul Ball, location: 2F 1-1: Foul Ball, location: 2F 1-2: Strikes out swinging
|
| Top of the 5th over - 0 runs, 0 hits, 0 errors, 0 left on base; Vancouver 1 - Los Angeles (NYP) 0 |
| BOTTOM OF THE 5TH |
|
Los Angeles (NYP) Angels batting - Pitching for Vancouver Canadians : RHP Cody Walsh
|
|
Batting: RHB Khalil Thurston
|
0-0: Ball 1-0: Ball 2-0: Ball 3-0: Ground out 5-3 (Groundball, 56S, EV 84.4 MPH)
|
|
Batting: SHB Tim Connell
|
0-0: Reached on error, E1 (Groundball, 15S, EV 67.5 MPH)
|
|
Batting: RHB Wilford Harper
|
0-0: Ball 1-0: Ground out 5-3 (Groundball, 5S, EV 89.4 MPH)
|
|
Batting: SHB Yuya Hirata
|
0-0: Ball 1-0: Called Strike 1-1: Ball 2-1: Ground out 1-3 (Groundball, 13S, EV 75.6 MPH)
|
| Bottom of the 5th over - 0 runs, 0 hits, 1 error, 1 left on base; Vancouver 1 - Los Angeles (NYP) 0 |
| TOP OF THE 6TH |
|
Vancouver Canadians batting - Pitching for Los Angeles (NYP) Angels : LHP Jon Lawson
|
|
Batting: RHB Carlos Renteria
|
0-0: Ball 1-0: Ball 2-0: Called Strike 2-1: Called Strike 2-2: Ground out 4-3 (Groundball, 4S, EV 85.0 MPH)
|
|
Batting: RHB Paul Healy
|
0-0: Foul Ball, location: 2F 0-1: Fly out, F7 (Flyball, 78M, EV 88.1 MPH)
|
|
Batting: RHB Nikita Schram
|
0-0: Ball 1-0: Reached on error, E5 (Groundball, 5L, EV 103.1 MPH)
|
|
Pitching: RHP In Bea
|
|
|
Batting: RHB Elliot Manfredini
|
0-0: Ball 1-0: Called Strike 1-1: Called Strike 1-2: Strikes out looking
|
| Top of the 6th over - 0 runs, 0 hits, 1 error, 1 left on base; Vancouver 1 - Los Angeles (NYP) 0 |
| BOTTOM OF THE 6TH |
|
Los Angeles (NYP) Angels batting - Pitching for Vancouver Canadians : RHP Cody Walsh
|
|
Batting: RHB Nick Lombardo
|
0-0: Called Strike 0-1: SINGLE (Line Drive, 8RS, EV 87.5 MPH)
|
|
Batting: RHB Ricky Mejicanos
|
0-0: Called Strike Nick Lombardo steals 2nd base 0-1: Ball 1-1: Foul Ball, location: 2F 1-2: Ball 2-2: Ball 3-2: Fly out, F7 (Line Drive, 7S, EV 88.1 MPH) Lined into DP, 7-4 (Line Drive, 7S, EV 88.1 MPH)
|
|
Batting: LHB Dave Hicks
|
0-0: Ball 1-0: Ball 2-0: SINGLE (Groundball, 56D, EV 101.2 MPH)
|
|
Batting: LHB Mutsuo IIda
|
0-0: Called Strike Dave Hicks is caught stealing 2nd base 2-6
|
| Bottom of the 6th over - 0 runs, 2 hits, 0 errors, 0 left on base; Vancouver 1 - Los Angeles (NYP) 0 |
| TOP OF THE 7TH |
|
Vancouver Canadians batting - Pitching for Los Angeles (NYP) Angels : RHP In Bea
|
|
Batting: RHB Norm Mercer
|
0-0: Called Strike 0-1: Swinging Strike 0-2: Ground out 5-3 (Groundball, 56S, EV 93.1 MPH)
|
|
Batting: SHB Scott Robbins
|
0-0: Called Strike 0-1: Called Strike 0-2: SINGLE (Groundball, 56D, EV 100.6 MPH)
|
|
Batting: RHB Ricky Carbajal
|
0-0: Ball 1-0: Foul Ball, location: 2F 1-1: Ball 2-1: Called Strike 2-2: Fielders Choice at 2nd, 6-4 (Groundball, 6, EV 104.4 MPH)
|
|
Batting: RHB Luis Vargas
|
0-0: Called Strike Ricky Carbajal steals 2nd base 0-1: Ball 1-1: Ball 2-1: Ground out 1-3 (Groundball, 34S, EV 62.5 MPH)
|
| Top of the 7th over - 0 runs, 1 hit, 0 errors, 1 left on base; Vancouver 1 - Los Angeles (NYP) 0 |
| BOTTOM OF THE 7TH |
|
Los Angeles (NYP) Angels batting - Pitching for Vancouver Canadians : RHP Cody Walsh
|
|
Batting: LHB Mutsuo IIda
|
0-0: Called Strike 0-1: Ball 1-1: Foul Ball, location: 2F 1-2: SOLO HOME RUN (Line Drive, 9LD, EV 96.9 MPH), Distance : 362 ft
|
|
Batting: RHB Dean LeCroy
|
0-0: Swinging Strike 0-1: Foul Ball, location: 2F 0-2: Strikes out swinging
|
|
Batting: RHB Khalil Thurston
|
0-0: Ball 1-0: Ball 2-0: Called Strike 2-1: Ball 3-1: Called Strike 3-2: Fly out, F3 (Popup, 3SF, EV 85.6 MPH)
|
|
Batting: SHB Tim Connell
|
0-0: Ball 1-0: Swinging Strike 1-1: Called Strike 1-2: Ball 2-2: Foul Ball, location: 2F 2-2: Ball 3-2: Strikes out swinging
|
| Bottom of the 7th over - 1 run, 1 hit, 0 errors, 0 left on base; Vancouver 1 - Los Angeles (NYP) 1 |
| TOP OF THE 8TH |
|
Vancouver Canadians batting - Pitching for Los Angeles (NYP) Angels : RHP In Bea
|
|
Batting: RHB Kennet Strijbis
|
0-0: Ball 1-0: Swinging Strike 1-1: Swinging Strike 1-2: Ball 2-2: Ball 3-2: Base on Balls
|
|
Batting: RHB Carlos Renteria
|
0-0: Ball Kennet Strijbis steals 2nd base 1-0: Foul Ball, location: 2F 1-1: Ball Kennet Strijbis steals 3rd base 2-1: Bunted foul 2-2: Foul Ball, location: 2F 2-2: Ground out 6-3 (Groundball, 6, EV 79.4 MPH)
|
|
Batting: RHB Paul Healy
|
0-0: Ball 1-0: Ball 2-0: Ball 3-0: Base on Balls
|
|
Batting: RHB Nikita Schram
|
0-0: Ball Paul Healy steals 2nd base 1-0: Foul Ball, location: 2F 1-1: Called Strike 1-2: Ball 2-2: Ball 3-2: Base on Balls
|
|
Pitching: LHP Tyler MacLean
|
|
|
Batting: RHB Elliot Manfredini
|
0-0: Called Strike 0-1: Called Strike 0-2: Strikes out swinging
|
|
Batting: RHB Norm Mercer
|
0-0: Called Strike 0-1: Ball 1-1: Swinging Strike 1-2: Strikes out swinging
|
| Top of the 8th over - 0 runs, 0 hits, 0 errors, 3 left on base; Vancouver 1 - Los Angeles (NYP) 1 |
| BOTTOM OF THE 8TH |
|
Los Angeles (NYP) Angels batting - Pitching for Vancouver Canadians : RHP Cody Walsh
|
|
Batting: RHB Wilford Harper
|
0-0: Ball 1-0: Foul Ball, location: 2F 1-1: Ball 2-1: Ball 3-1: Called Strike 3-2: Ground out 5-3 (Groundball, 56, EV 83.8 MPH)
|
|
Batting: SHB Yuya Hirata
|
0-0: Foul Ball, location: 2F 0-1: Ball 1-1: Swinging Strike 1-2: Foul Ball, location: 2F 1-2: Foul Ball, location: 2F 1-2: Strikes out swinging
|
|
Batting: RHB Nick Lombardo
|
0-0: Ball 1-0: Swinging Strike 1-1: Swinging Strike 1-2: Ball 2-2: Strikes out swinging, 2-3 out at first.
|
| Bottom of the 8th over - 0 runs, 0 hits, 0 errors, 0 left on base; Vancouver 1 - Los Angeles (NYP) 1 |
| TOP OF THE 9TH |
|
Vancouver Canadians batting - Pitching for Los Angeles (NYP) Angels : LHP Tyler MacLean
|
|
Pitching: RHP Matt Doherty
|
|
|
Batting: SHB Scott Robbins
|
0-0: Foul Ball, location: 2F 0-1: Ball 1-1: Swinging Strike 1-2: Ground out 4-3 (Groundball, 34, EV 103.8 MPH)
|
|
Pinch Hitting: LHB Ray Whitehead
|
0-0: Ground out 4-3 (Groundball, 4, EV 101.9 MPH)
|
|
Pinch Hitting: LHB Devin Huber
|
0-0: Ball 1-0: Ball 2-0: Called Strike 2-1: Reached on error, E4 (Groundball, 4, EV 103.8 MPH)
|
|
Batting: RHB Kennet Strijbis
|
0-0: Ball 1-0: Called Strike 1-1: Ball 2-1: Fielders Choice at 2nd, 6-4 (Groundball, 6, EV 77.5 MPH)
|
| Top of the 9th over - 0 runs, 0 hits, 1 error, 1 left on base; Vancouver 1 - Los Angeles (NYP) 1 |
| BOTTOM OF THE 9TH |
|
Los Angeles (NYP) Angels batting - Pitching for Vancouver Canadians : RHP Cody Walsh
|
|
Pitching: RHP Josh Long
|
|
|
Now at C: David Cooper
|
|
|
Now in CF: Ray Whitehead
|
|
|
Batting: RHB Ricky Mejicanos
|
0-0: Ball 1-0: Ball 2-0: Called Strike 2-1: Ground out 6-3 (Groundball, 6, EV 102.5 MPH)
|
|
Batting: LHB Dave Hicks
|
0-0: Fly out, F7 (Line Drive, 7S, EV 96.2 MPH)
|
|
Batting: LHB Mutsuo IIda
|
0-0: Called Strike 0-1: Ball 1-1: Foul Ball, location: 2F 1-2: Ball 2-2: Ball 3-2: Foul Ball, location: 2F 3-2: Strikes out swinging
|
| Bottom of the 9th over - 0 runs, 0 hits, 0 errors, 0 left on base; Vancouver 1 - Los Angeles (NYP) 1 |
| TOP OF THE 10TH |
|
Vancouver Canadians batting - Pitching for Los Angeles (NYP) Angels : RHP Matt Doherty
|
|
Batting: RHB Carlos Renteria
|
0-0: Foul Ball, location: 2F 0-1: Called Strike 0-2: TRIPLE (Flyball, 89XD, EV 96.2 MPH)
|
|
Batting: RHB Paul Healy
|
0-0: Called Strike 0-1: Ball 1-1: Fly out, F9 (Flyball, 89M, EV 93.1 MPH)
|
|
Batting: RHB Nikita Schram
|
0-0: Intentional Walk
|
|
Pinch Hitting: LHB Tso-lin Fen
|
0-0: Ball 1-0: Ball 2-0: Foul Ball, location: 2F 2-1: Called Strike Nikita Schram steals 2nd base (no throw) 2-2: Foul Ball, location: 2F 2-2: Foul Ball, location: 2F 2-2: Strikes out swinging
|
|
Batting: RHB Norm Mercer
|
0-0: Ball 1-0: Ball 2-0: Called Strike 2-1: SINGLE (Groundball, 25, EV 63.8 MPH) (infield hit) Carlos Renteria scores Nikita Schram to third
|
|
Batting: SHB Scott Robbins
|
0-0: Ball 1-0: Ball 2-0: Ball 3-0: Called Strike 3-1: Swinging Strike 3-2: Foul Ball, location: 2F 3-2: Base on Balls Norm Mercer to second
|
|
Batting: LHB Ray Whitehead
|
0-0: Called Strike 0-1: Foul Ball, location: 2F 0-2: Foul Ball, location: 2F 0-2: Ground out 4-3 (Groundball, 4, EV 103.8 MPH)
|
| Top of the 10th over - 1 run, 2 hits, 0 errors, 3 left on base; Vancouver 2 - Los Angeles (NYP) 1 |
| BOTTOM OF THE 10TH |
|
Los Angeles (NYP) Angels batting - Pitching for Vancouver Canadians : RHP Josh Long
|
|
Pitching: RHP Danny Cervantes
|
|
|
Now at 3B: George King
|
|
|
Now in LF: Ray Whitehead
|
|
|
Now in CF: Dan Hilyer
|
|
|
Pinch Hitting: LHB Edgar van der Meeren
|
0-0: Called Strike 0-1: Ball 1-1: Ground out 4-3 (Groundball, 4, EV 90.6 MPH)
|
|
Batting: RHB Khalil Thurston
|
0-0: Ball 1-0: Swinging Strike 1-1: Called Strike 1-2: Ball 2-2: Ball 3-2: Ground out 6-3 (Groundball, 56, EV 84.4 MPH)
|
|
Batting: SHB Tim Connell
|
0-0: Called Strike 0-1: Ball 1-1: Foul Ball, location: 2F 1-2: Ball 2-2: SINGLE (Flyball, 3D, EV 95.0 MPH)
|
|
Batting: RHB Wilford Harper
|
0-0: Ball 1-0: Called Strike 1-1: Called Strike 1-2: Ball 2-2: Ball 3-2: SINGLE (Groundball, 4MD, EV 101.2 MPH) Tim Connell to second Tim Connell to third
|
|
Pinch Hitting: LHB Mario Anguiano
|
0-0: Called Strike 0-1: Called Strike 0-2: Ball 1-2: Foul Ball, location: 2F 1-2: Strikes out swinging
|
| Bottom of the 10th over - 0 runs, 2 hits, 0 errors, 2 left on base; Vancouver 2 - Los Angeles (NYP) 1 |
|